 Dungeon Crawl Stone Soup version 0.28.0-53-g5a82cb258f (webtiles) character file.

Game seed: 2985518383574828009

10152 ILmort the Fighter (level 11, 0/107 HPs)
             Began as a Minotaur Fighter on Aug 6, 2022.
             Was a Priest of the Shining One.
             Slain by a 12-headed hydra (6 damage)
             ... on level 8 of the Dungeon.
             The game lasted 00:48:27 (10157 turns).

ILmort the Fighter (Minotaur Fighter)              Turns: 10157, Time: 00:48:28

Health: 0/107      AC: 15    Str: 29    XL:     11   Next: 32%
Magic:  19/19      EV: 10    Int:  5    God:    the Shining One [***...]
Gold:   366        SH:  6    Dex: 10    Spells: 10/10 levels left

rFire   . . .      SeeInvis .   a - +1 war axe
rCold   . . .      Faith    .   c - +0 buckler
rNeg    + + .      Spirit   .   D - +1 scale mail of Indomitability {rF+}
rPois   .          Reflect  .   (helmet restricted)
rElec   .          Harm     .   o - +2 cloak
rCorr   .          Rampage  .   (no gloves)
Will    .....                   l - +1 pair of boots "Hefarr" {rF- MP+9 Str+4}
Stlth   ..........              (no amulet)
HPRegen 0.27/turn               p - ring of wizardry
MPRegen 0.16/turn               u - ring of positive energy

@: about to teleport, glowing
A: horns 2, retaliatory headbutt
a: Renounce Religion, Divine Shield, Cleansing Flame


You were on level 8 of the Dungeon.
You worshipped the Shining One.
The Shining One was most pleased with you.
You visited 3 branches of the dungeon, and saw 12 of its levels.
You visited the Abyss 1 time.
You also visited: Ossuary.

You collected 619 gold pieces.
You spent 253 gold pieces at shops.

Inventory:

Hand Weapons
 a - a +1 war axe (weapon)
Armour
 b - a +0 pair of boots
 c - a +0 buckler (worn)
 l - the +1 pair of boots "Hefarr" (worn) {rF- MP+9 Str+4}
   (You found it on level 5 of the Dungeon)

   Str:       It affects your strength (+4).
   rF:        It makes you vulnerable to fire.
   MP:        It affects your magic capacity (+9).
 o - a +2 cloak (worn)
 D - the +1 scale mail of Indomitability (worn) {rF+}
   (You bought it in a shop on level 5 of the Dungeon)

   rF:        It protects you from fire.
 N - a scarf of resistance
Magical Staves
 C - a staff of air
Jewellery
 p - a ring of wizardry (left hand)
 q - a ring of fire
 u - a ring of positive energy (right hand)
 J - a ring of wizardry
Wands
 t - a wand of iceblast (22)
 F - a wand of paralysis (3)
 I - a wand of digging (4)
 K - a wand of flame (3)
 L - a wand of acid (5)
 M - a wand of polymorph (3)
Scrolls
 e - 3 scrolls of enchant weapon
 g - 2 scrolls of fear {unknown}
 h - 2 scrolls of brand weapon {unknown}
 m - a scroll of summoning {unknown}
 r - 3 scrolls of amnesia
 s - a scroll of enchant armour
 x - 3 scrolls of teleportation
 y - 2 scrolls of fog
 B - a scroll of holy word {unknown}
 E - a scroll of silence {unknown}
 G - 3 scrolls of identify
 H - 2 scrolls of magic mapping {unknown}
Potions
 d - 4 potions of might
 f - 3 potions of attraction
 i - 3 potions of lignification {unknown}
 j - a potion of berserk rage {unknown}
 k - 2 potions of flight
 n - 2 potions of ambrosia
 v - 2 potions of brilliance {unknown}
 w - 2 potions of curing
 z - 3 potions of degeneration
 A - a potion of mutation {unknown}


   Skills:
 + Level 13.2 Fighting
 + Level 12.9 Axes
 + Level 9.0 Armour
 + Level 9.0 Shields


You had 10 spell levels left.
You didn't know any spells.
Your spell library was empty.

Dungeon Overview and Level Annotations

Branches:
Dungeon (10/15)            Temple (1/1) D:5            Lair (1/6) D:8
Ossuary (visited)
    Orc: D:9-12

Altars:
Dithmenos
Fedhas
Gozag
Hepliaklqana
Nemelex Xobeh
Okawaru
Qazlal
Sif Muna
Trog
Vehumet
Wu Jian
Zin
The Shining One

Shops:
D:5 [   D:6 *


Innate Abilities, Weirdness & Mutations

You have a pair of horns on your head.
You reflexively headbutt those who attack you in melee.


Message History

You slice one of the 11-headed hydra's heads off!
The ten-headed hydra grows two more!
You slash the 12-headed hydra! You headbutt the 12-headed hydra.
The 12-headed hydra is moderately wounded.
The 12-headed hydra completely misses you.
You block the 12-headed hydra's attack. The 12-headed hydra bites you.
The 12-headed hydra bites you! You block the 12-headed hydra's attack.
The 12-headed hydra bites you but does no damage.
The 12-headed hydra closely misses you.
The 12-headed hydra bites you but does no damage.
The 12-headed hydra closely misses you.
The 12-headed hydra bites you but does no damage.
You block the 12-headed hydra's attack. The 12-headed hydra bites you.
* * * LOW HITPOINT WARNING * * *
The 12-headed hydra bites you.
* * * LOW HITPOINT WARNING * * *
You block the 12-headed hydra's attack. The 12-headed hydra barely misses you.
The 12-headed hydra bites you but does no damage. x2
You block the 12-headed hydra's attack. The 12-headed hydra bites you.
* * * LOW HITPOINT WARNING * * *
The 12-headed hydra closely misses you. The 12-headed hydra barely misses you.
The 12-headed hydra bites you but does no damage. x3
There is a staircase back to the Dungeon here.
The 12-headed hydra barely misses you. The 12-headed hydra bites you!
* * * LOW HITPOINT WARNING * * *
The 12-headed hydra bites you but does no damage. x2
The 12-headed hydra bites you.
* * * LOW HITPOINT WARNING * * *
You block the 12-headed hydra's attack.
The 12-headed hydra bites you but does no damage. x6
You climb upwards.
Welcome back to the Dungeon!
There is a staircase to the Lair here.
As you read the scroll of teleportation, it crumbles to dust.
You feel strangely unstable. The 12-headed hydra closely misses you.
You furiously retaliate!
You headbutt the 12-headed hydra!
The 12-headed hydra bites you but does no damage.
The 12-headed hydra closely misses you. The 12-headed hydra bites you.
* * * LOW HITPOINT WARNING * * *
The 12-headed hydra barely misses you. x2; The 12-headed hydra bites you.
You die...

#≈≈≈≈≈###...#..##......#...##
#######.)))...##.......#....###
..##..........................#
..#......#.##..........#.....##
..#..................#..#...##
..........##.........#.###..#
#......................#...###
#.####.......................#
..###.....##...D@..##.##.....#
..##......#...........##.....#
..#..........................#
....##....#.......>........###
#...####.##........###..#...###
#....##..........####...##....#
............###..#####.......## #
............####..#..........####
(............#.................#.


You could see a 12-headed hydra.

Vanquished Creatures
  Erolcha (D:9)
  Erica (Lair:1)
  A two-headed ogre (D:10)
  A wizard (D:10)
  Pikel (D:7)
  The ghost of stumblerator577 the Vandal, a novice FoAM (D:4)
  A kobold demonologist (D:10)
  3 trolls
  Prince Ribbit (D:8)
  Grinder (D:3)
  5 slime creatures (D:9)
  3 yaks (D:8)
  2 wyverns (D:8)
  A steam dragon (D:10)
  Menkaure (D:7)
  2 acid dragons
  3 water moccasins
  Duvessa (D:7)
  A sky beast (D:7)
  3 orc warriors
  3 ice beasts
  A black bear (D:6)
  3 ogres
  A centaur (D:7)
  A kobold brigand (D:6)
  2 bullfrogs (D:7)
  Dowan (D:7)
  21 wights
  A centaur zombie (D:8)
  A jelly (D:6)
  5 orc priests
  Crazy Yiuf (D:2)
  A hound (D:5)
  A gnoll shaman (D:9)
  A water moccasin simulacrum (D:4)
  3 centaur skeletons
  Natasha (thrice) (D:2)
  2 iguanas
  8 orc wizards
  A centaur simulacrum (D:4)
  A scorpion simulacrum (D:4)
  8 mummies (Ossuary)
  Robin (D:2)
  5 gnolls
  10 adders
  A shadow imp (D:5)
  A white imp (D:4)
  2 howler monkey simulacra (D:4)
  4 ufetubi
  2 worms (D:4)
  3 dart slugs
  21 orcs
  7 endoplasms
  3 gnoll zombies (Ossuary)
  8 goblins
  5 hobgoblins
  2 quokkas
  8 ball pythons
  7 bats
  6 frilled lizards
  3 hobgoblin zombies (Ossuary)
  10 kobolds
  A kobold zombie (Ossuary)
  An orc zombie (Ossuary)
  4 rats
219 creatures vanquished.

Vanquished Creatures (others)
  2 fungi
  A plant (Lair:1)
3 creatures vanquished.

Grand Total: 222 creatures vanquished

Notes
Turn   | Place    | Note
-------+----------+-------------------------------------------
     0 | D:1      | ILmort the Minotaur Fighter began the quest for the Orb.
     0 | D:1      | Reached XP level 1. HP: 19/19 MP: 0/0
   216 | D:1      | Reached skill level 4 in Fighting
   221 | D:1      | Reached XP level 2. HP: 26/27 MP: 1/1
   594 | D:2      | Noticed Robin
   604 | D:2      | Killed Robin
   605 | D:2      | Reached XP level 3. HP: 32/34 MP: 2/2
   689 | D:2      | Found a faded altar of an unknown god.
   855 | D:2      | Noticed Natasha
   865 | D:2      | Killed Natasha
   866 | D:2      | Reached skill level 5 in Fighting
   866 | D:2      | Reached XP level 4. HP: 34/42 MP: 3/3
  1235 | D:2      | Noticed Natasha
  1249 | D:2      | Killed Natasha
  1391 | D:2      | Found a runed translucent door.
  1392 | D:2      | Noticed Crazy Yiuf
  1400 | D:2      | Killed Crazy Yiuf
  1401 | D:2      | Reached XP level 5. HP: 16/48 MP: 4/4
  1625 | D:2      | Noticed Natasha
  1635 | D:2      | Killed Natasha
  1739 | D:3      | Noticed Grinder
  1741 | D:3      | Paralysed by Grinder for 3 turns
  1749 | D:3      | Paralysed by Grinder for 5 turns
  1758 | D:3      | Killed Grinder
  1759 | D:3      | Reached skill level 6 in Fighting
  1759 | D:3      | Reached XP level 6. HP: 42/58 MP: 5/5
  2168 | D:3      | Found a hazy altar of Hepliaklqana.
  2302 | D:3      | Reached skill level 7 in Fighting
  2476 | D:4      | Reached XP level 7. HP: 31/66 MP: 6/6
  2694 | D:4      | Noticed stumblerator577's ghost (novice FoAM)
  2744 | D:4      | Found a runed translucent gate.
  2744 | D:4      | Found a runed translucent gate.
  2744 | D:4      | Found a runed translucent gate.
  2758 | D:4      | Killed stumblerator577's ghost
  2759 | D:4      | Reached skill level 8 in Fighting
  2947 | D:4      | Reached XP level 8. HP: 75/75 MP: 7/7
  3250 | D:5      | Entered Level 5 of the Dungeon
  3268 | D:5      | Reached skill level 9 in Fighting
  3302 | D:5      | Found a stormy altar of Qazlal.
  3346 | D:5      | Found a staircase to the Ecumenical Temple.
  3766 | D:5      | Found a sand-covered staircase.
  3773 | Ossuary  | Entered an ossuary
  4211 | D:5      | Found Dafido's Armour Shop.
  4533 | D:5      | Identified the +1 pair of boots "Hefarr" {rF- MP+9 Str+4}
  4640 | D:5      | Found an opulent altar of Gozag.
  4814 | Temple   | Entered the Ecumenical Temple
  4822 | Temple   | Became a worshipper of the Shining One
  4879 | D:6      | Reached skill level 10 in Fighting
  4926 | D:6      | Noticed a troll
  4938 | D:6      | Killed a troll
  4939 | D:6      | Reached skill level 10 in Axes
  5047 | D:6      | Reached XP level 9. HP: 86/86 MP: 8/8
  5556 | D:6      | Found Zin's Purification Station.
  5556 | D:6      | Found a glowing silver altar of Zin.
  5668 | D:6      | Found a sparkling altar of Nemelex Xobeh.
  5800 | D:5      | Bought the +1 scale mail of Indomitability {rF+} for 253
                  | gold pieces
  5846 | D:7      | Reached skill level 11 in Fighting
  5877 | D:7      | Reached * piety under the Shining One
  6103 | D:7      | Reached skill level 5 in Shields
  6127 | D:7      | Reached skill level 5 in Armour
  6133 | D:7      | Noticed Duvessa
  6134 | D:7      | Noticed Dowan
  6140 | D:7      | Noticed Pikel
  6149 | D:7      | Killed Duvessa
  6396 | D:7      | Killed Pikel
  6533 | D:7      | Killed Dowan
  6696 | D:7      | Noticed Menkaure
  6708 | D:7      | Killed Menkaure
  6709 | D:7      | Reached XP level 10. HP: 95/97 MP: 9/9
  7187 | D:8      | Found a staircase to the Lair.
  7193 | D:8      | Noticed Prince Ribbit
  7198 | D:8      | Killed Prince Ribbit
  7273 | D:8      | Reached skill level 12 in Fighting
  7410 | D:8      | Reached ** piety under the Shining One
  7453 | D:8      | Found a shimmering blue altar of Sif Muna.
  8044 | D:9      | Noticed Erolcha
  8069 | D:9      | Killed Erolcha
  9171 | D:10     | Entered Level 10 of the Dungeon
  9186 | D:10     | Reached XP level 11. HP: 67/106 MP: 10/10
  9203 | D:10     | Reached *** piety under the Shining One
  9373 | D:10     | Found a radiant altar of Vehumet.
  9387 | D:10     | Noticed a wizard
  9393 | D:10     | Cast into level 2 of the Abyss (a wizard)
  9409 | Abyss:2  | Noticed a thrashing horror
  9410 | D:10     | Escaped the Abyss
  9428 | D:10     | Killed a wizard
  9437 | D:10     | Reached skill level 13 in Fighting
  9751 | D:10     | Noticed a two-headed ogre
  9761 | D:10     | Killed a two-headed ogre
  9951 | Lair:1   | Entered Level 1 of the Lair of Beasts
  9960 | Lair:1   | Noticed Erica
  9977 | Lair:1   | Killed Erica
 10141 | Lair:1   | Noticed an eight-headed hydra
 10157 | D:8      | Slain by a 12-headed hydra

Illustrated notes

Levels and vault maps discovered:
D:1:      minmay_arrival_split_and_join, layout_basic
D:2:      layout_loops_ring, basic_ecumenical_altar, uniq_natasha, uniq_robin,
          uniq_crazy_yiuf_cottage
D:3:      layout_rooms, mainiacjoe_overflow_catwalk, minmay_quadrilaterals,
          uniq_grinder
D:4:      layout_gridville, gammafunk_ghost_icy
D:5:      layout_cave_pods, kennysheep_little_box,
          mainiacjoe_overflow_surrounded_room, minmay_temple_entry_waves,
          serial_shops, nicolae_take_the_stairs, enter_ossuary_2
D:6:      layout_basic, zin_purify, nemelex_altar_shiori, serial_bayou_pond_b
D:7:      layout_loops_ring, uniq_menkaure, uniq_duvessa, uniq_pikel
D:8:      layout_cave_pools, led_sif_pool, lair_entry_dummy, uniq_prince_ribbit1
D:9:      layout_roguey, uniq_erolcha
D:10:     layout_rooms, vehumet_crystals
Temple:   eino_wide_crystal_templ
Lair:1:   beast_lair_carwin_large_4, layout_hall_layers, enter_volcano_1,
          uniq_erica

Skill      XL: |  1  2  3  4  5  6  7  8  9 10 11 |
---------------+----------------------------------+-----
Fighting       | 4 5 6 7 8 10 11 12 13 | 13.2
Axes           | 3 4 6 8 10 11 12 | 12.9
Armour         | 6 8 9 |  9.0
Shields        | 6 8 9 |  9.0

Action                   |  1- 3 |  4- 6 |  7- 9 | 10-12 || total
-------------------------+-------+-------+-------+-------++-------
Melee: War axe           |    63 |   100 |   209 |   161 ||   533
       Headbutt          |    10 |     8 |    42 |    54 ||   114
  Use: Scroll            |       |     7 |     9 |     2 ||    18
       Potion            |       |       |     2 |     2 ||     4
Armor: Scale mail        |     7 |       |    18 |    77 ||   102
       Chain mail        |    34 |    67 |    86 |       ||   187
Dodge: Dodged            |    29 |    29 |    72 |    68 ||   198
Block: Buckler           |    20 |    18 |    45 |    41 ||   124
